 Dungeon Crawl Stone Soup version 0.30-a0-585-g93115170b9 (webtiles) character file.

Game seed: 2600056367251887615

3 lunkers the Cudgeller (level 1, -1/19 HPs)
             Began as a Meteoran Cinder Acolyte on Jan 2, 2023.
             Was a High Priest of Ignis.
             Slain by a quokka (2 damage)
             ... on level 1 of the Dungeon.
             The game lasted 00:00:18 (146 turns).

lunkers the Cudgeller (Meteoran Cinder Acolyte)      Turns: 146, Time: 00:00:19

Health: -1/19      AC:  2    Str: 15    XL:     1   Next: 71%
Magic:  4/4        EV: 11    Int: 15    God:    Ignis [*****.]
Gold:   5          SH:  0    Dex:  9    Spells: 3/3 levels left

rFire   + . .      SeeInvis .    a - -1 mace (flame)
rCold   . . .      Faith    .    (no shield)
rNeg    . . .      Spirit   .    b - +0 robe
rPois   .          Reflect  .    (no helmet)
rElec   .          Harm     .    (no cloak)
rCorr   .          Rampage  .    (no gloves)
Will    .....                    (no boots)
Stlth   +                        (no amulet)
HPRegen 0.23/turn                (no ring)
MPRegen 0.09/turn                (no ring)

@: glowing
A: sense surroundings 1, otherworldly, glowing, explore regen
a: Renounce Religion, Fiery Armour, Foxfire Swarm, Rising Flame


You were on level 1 of the Dungeon.
You worshipped Ignis.
Ignis was extremely pleased with you.
You visited 1 branch of the dungeon, and saw 1 of its levels.

You collected 5 gold pieces.

Inventory:

Hand Weapons
 a - a -1 mace of flaming (weapon)
Armour
 b - a +0 robe (worn)


   Skills:
 - Level 3.2 Fighting
 + Level 4.1 Maces & Flails
 + Level 1.5 Spellcasting
 + Level 3.7 Fire Magic


You had 3 spell levels left.
You didn't know any spells.
Your spell library contained the following spells:

 Spells                   Type           Power      Damage    Failure   Level
 Scorch                   Fire           24%        2d6       8%          2


Dungeon Overview and Level Annotations

Branches:
Dungeon (1/15) Zot: 448

Altars:


Innate Abilities, Weirdness & Mutations

You passively map a small area around you.
You are easily found by Zot.
You glow in the dark.
You regain HP and MP as you explore.


Message History

You hit the bat. You burn the bat.
The bat is severely wounded.
The bat hits you but does no damage. The bat barely misses you.
The bat barely misses you. The bat hits you but does no damage.
You sock the bat! You burn the bat.
You kill the bat!
No target in view!
No target in view!
No target in view!
No target in view!
Magic restored.
A kobold comes into view. It is wielding a +0 whip.
The kobold shouts!
A kobold is nearby!
A quokka comes into view.
There are monsters nearby!
The kobold closely misses you.
You hit the kobold. You burn the kobold.
You kill the kobold!
A goblin comes into view. It is wielding a +0 club.
The quokka bites you.
You see here a +0 whip.
You barely miss the quokka. The quokka closely misses you.
The quokka bites you.
You completely miss the quokka. The quokka bites you.
* * * LOW HITPOINT WARNING * * *
The goblin hits you but does no damage.
You hit the goblin. You burn the goblin.
The goblin is severely wounded.
The quokka completely misses you. The goblin hits you with a +0 club.
* * * LOW HITPOINT WARNING * * *
The quokka bites you.
* * * LOW HITPOINT WARNING * * *
Unknown command.
You hit the goblin. You burn the goblin.
You kill the goblin!
The quokka bites you.
You die...

* ...########......
#................# ,
#....##'''##..##.# * ,
*,####*
#....#.....#..##.#
....###....#..<..#..##.#
,
##.........#.....#.###..
...........#.....#.# #.#
,......r))..##+++##.#
#.. , , *
#@...........###.. , ,
#...####.......... ,
#...# ###.#####.. , *
#...# * ##.###... * , ,
#.... *#....... * , ,
##.### #.####.# #.#
#.####.# *#.. , #......#
* * ######.#


You could see a quokka.

Vanquished Creatures
  A bat (D:1)
  A goblin (D:1)
  A quokka (D:1)
  A kobold (D:1)
4 creatures vanquished.

Notes
Turn   | Place    | Note
-------+----------+-------------------------------------------
     0 | D:1      | lunkers the Meteoran Cinder Acolyte began the quest for the
                  | Orb.
     0 | D:1      | Reached XP level 1. HP: 19/19 MP: 3/3
   146 | D:1      | Slain by a quokka

Illustrated notes

Levels and vault maps discovered:
D:1:      dpeg_arrival_windows_large_door, layout_loops_cross, serial_shops,
          shop, nrook_mini_vaults

Action                   || total
-------------------------++-------
Melee: Mace              ||    23
Armor: Robe              ||    13
Dodge: Dodged            ||    20

Table legend: (Time is in decaauts)
 A = Elapsed time spent in this place.
 B = Non-inter-level travel time spent in this place.
 C = Inter-level travel time spent in this place.
 D = Time resting spent in this place.
 E = Time spent auto-exploring this place.
 F = Levels seen in this place.
 G = Mean time per level.
                   A        B        C        D        E       F      G
               +--------+--------+--------+--------+--------+-----+--------+
         Total |    150 |    150 |      0 |      0 |    103 |   1 |  150.0 |
       Dungeon |    150 |    150 |      0 |      0 |    103 |   1 |  150.0 |
               +--------+--------+--------+--------+--------+-----+--------+

Top non-repeatable levels by time:
     D:1: 150 daAuts
